AoeStats
← 海峡

Four Lakes

507692628Analyzed
1v1 RM · 14d ago on Sep 19, 2026· 25m 41s· 2 players
Game mode
Random Map
Map size
Tiny (2 player)
Population
200
Speed
Normal
Resources
Standard
Victory
Conquest
Starting age
Dark Age
Ending age
Imperial Age
RankedLock teamsTeams togetherTeam positionsShared explorationLock speedFull tech treeHidden civsTurbo modeCheats
Victory
Defeat
🇩🇴 Malians · Dominican Republic
1740
+15
🇨🇳 Inca · China
1729
-15
海峡
7:21 Loom
13:47 Feudal Age
14:27 Double-Bit Axe
17:23 Castle Age
15:20 Gold Mining
15:18 Fishing Lines
15:17 Champi Runner
16:11 Forging
16:02 Scale Mail Armor
17:24 Champi Warrior
18:21 Chain Mail Armor
18:09 Squires
17:54 Arson
18:53 Bow Saw
19:18 Gold Shaft Mining
19:42 Gillnets
21:38 Wheelbarrow
21:36 Fletching
22:00 Padded Archer Armor
21:57 Crossbowman
23:46 Bodkin Arrow
24:09 Stone Mining
25:39 Stone Shaft Mining
RD | El_Zapatero22
10:36 Feudal Age
11:22 Loom
14:30 Castle Age
12:41 Double-Bit Axe
15:07 Forging
16:34 Iron Casting
19:49 Squires
21:08 Scale Mail Armor
24:40 Wheelbarrow
24:28 Arson
Connection lost

Rejoining the realm…

Still unreachable

The connection could not be restored.

Session expired

The server has moved on; the page needs a fresh start.